[ AOE2 MATCH · #484264233 ]
1v1 RMBulgarians vs Teutons
Rival team · LOSS
[ REPLAY ANALYSIS · EXTRACTED FROM THE RECORDED GAME ]
Feudal
9:44
Castle
22:14
Imperial
39:11
| APM avg | 41.0 |
| APM peak | 76 |
| eAPM avg | 20.2 |
| Villagers / military | 148 / 146 |
Focus
⚔️ 36.0% · 🌾 64.0%
Scout Cavalry ×82 · Cavalry Archer ×33 · Archer ×12 · Knight ×7 · Spearman ×5 · Trebuchet (Packed) ×4
Feudal
10:43
Castle
15:15
Imperial
—
| APM avg | 34.3 |
| APM peak | 75 |
| eAPM avg | 18.5 |
| Villagers / military | 104 / 147 |
Focus
⚔️ 17.8% · 🌾 82.2%
Knight ×104 · Teutonic Knight ×27 · Petard ×11 · Mangonel ×5
Match map
Resources at game start + every placement click. Thick line = wall · dashed box = detected house wall. 🟡 gold · ⚪ stone · 🟢 berries · 🔶 boar · ⭕ relic
Inputs per minute
— cutomuto - - smpmxgvpkkiv
Build order — cutomuto
First 150 of 560 actions detected
| 0:01 | Create | Villager (Male) |
| 0:01 | Create | Villager (Male) |
| 0:01 | Create | Villager (Male) |
| 0:04 | Build | House |
| 0:12 | Create | Villager (Male) |
| 0:23 | Research | Loom |
| 0:23 | Research | Loom |
| 0:23 | Research | Loom |
| 0:33 | Build | House |
| 0:43 | Create | Villager (Male) |
| 0:43 | Create | Villager (Male) |
| 0:43 | Create | Villager (Male) |
| 0:43 | Create | Villager (Male) |
| 0:44 | Create | Villager (Male) |
| 1:09 | Create | Villager (Male) |
| 1:10 | Create | Villager (Male) |
| 1:38 | Create | Villager (Male) |
| 1:38 | Create | Villager (Male) |
| 2:24 | Create | Villager (Male) |
| 2:24 | Create | Villager (Male) |
| 2:49 | Create | Villager (Male) |
| 2:50 | Create | Villager (Male) |
| 2:50 | Create | Villager (Male) |
| 3:20 | Build | Lumber Camp |
| 3:21 | Create | Villager (Male) |
| 3:21 | Create | Villager (Male) |
| 3:51 | Create | Villager (Male) |
| 3:51 | Create | Villager (Male) |
| 3:51 | Create | Villager (Male) |
| 3:59 | Build | Mill |
| 4:08 | Build | House |
| 4:42 | Build | House |
| 4:56 | Create | Villager (Male) |
| 4:56 | Create | Villager (Male) |
| 4:56 | Create | Villager (Male) |
| 5:17 | Create | Villager (Male) |
| 5:49 | Build | Mining Camp |
| 5:49 | Create | Villager (Male) |
| 5:49 | Create | Villager (Male) |
| 5:53 | Create | Villager (Male) |
| 5:53 | Create | Villager (Male) |
| 6:03 | Create | Villager (Male) |
| 6:03 | Create | Villager (Male) |
| 6:18 | Build | Mill |
| 6:19 | Create | Villager (Male) |
| 6:19 | Create | Villager (Male) |
| 6:22 | Create | Villager (Male) |
| 6:22 | Create | Villager (Male) |
| 6:54 | Create | Villager (Male) |
| 7:08 | Build | House |
| 7:34 | Research | Feudal Age |
| 7:34 | Research | Feudal Age |
| 7:34 | Research | Feudal Age |
| 8:41 | Build | Barracks |
| 9:22 | Build | House |
| 9:44 | Age | Feudal Age |
| 9:47 | Create | Villager (Male) |
| 9:52 | Build | Archery Range |
| 9:53 | Create | Villager (Male) |
| 10:02 | Create | Villager (Male) |
| 10:16 | Create | Villager (Male) |
| 10:31 | Build | Palisade Wall |
| 10:34 | Build | House |
| 10:39 | Create | Villager (Male) |
| 10:43 | Research | Double-Bit Axe |
| 10:44 | Research | Double-Bit Axe |
| 10:44 | Research | Double-Bit Axe |
| 10:47 | Create | Spearman |
| 10:47 | Create | Spearman |
| 11:05 | Build | House |
| 11:15 | Build | Palisade Wall |
| 11:19 | Create | Villager (Male) |
| 11:24 | Research | Horse Collar |
| 11:25 | Research | Horse Collar |
| 11:25 | Research | Horse Collar |
| 11:42 | Build | House |
| 11:44 | Create | Archer |
| 11:44 | Create | Archer |
| 11:44 | Create | Archer |
| 11:59 | Create | Villager (Male) |
| 11:59 | Create | Villager (Male) |
| 12:16 | Create | Villager (Male) |
| 12:23 | Build | Farm |
| 12:32 | Build | Lumber Camp |
| 12:33 | Create | Villager (Male) |
| 12:49 | Create | Villager (Male) |
| 12:51 | Create | Archer |
| 12:54 | Create | Spearman |
| 13:01 | Build | Farm |
| 13:06 | Build | House |
| 13:09 | Create | Villager (Male) |
| 13:14 | Create | Archer |
| 13:26 | Research | Gold Mining |
| 13:27 | Research | Gold Mining |
| 13:40 | Build | House |
| 13:49 | Create | Villager (Male) |
| 13:50 | Create | Villager (Male) |
| 14:01 | Build | Farm |
| 14:02 | Build | Farm |
| 14:29 | Create | Archer |
| 14:30 | Create | Archer |
| 14:39 | Build | Market |
| 14:53 | Build | House |
| 15:00 | Build | Farm |
| 15:01 | Create | Villager (Male) |
| 15:07 | Create | Archer |
| 15:25 | Create | Villager (Male) |
| 15:56 | Create | Villager (Male) |
| 15:57 | Create | Villager (Male) |
| 16:09 | Build | Farm |
| 16:10 | Build | Farm |
| 16:11 | Build | Farm |
| 16:12 | Build | Farm |
| 16:21 | Build | House |
| 16:23 | Create | Archer |
| 16:42 | Create | Villager (Male) |
| 16:45 | Create | Archer |
| 16:47 | Create | Spearman |
| 16:47 | Create | Spearman |
| 17:02 | Build | Blacksmith |
| 17:16 | Create | Villager (Male) |
| 17:16 | Create | Villager (Male) |
| 17:20 | Build | Farm |
| 17:20 | Build | Farm |
| 17:20 | Build | Farm |
| 17:22 | Build | Farm |
| 17:23 | Build | Farm |
| 17:24 | Build | Farm |
| 17:24 | Build | Farm |
| 17:24 | Build | Farm |
| 17:25 | Build | Farm |
| 17:28 | Create | Villager (Male) |
| 17:28 | Create | Villager (Male) |
| 17:48 | Create | Villager (Male) |
| 18:30 | Research | Fletching |
| 18:30 | Research | Fletching |
| 19:03 | Create | Villager (Male) |
| 19:03 | Create | Villager (Male) |
| 19:34 | Research | Castle Age |
| 19:34 | Research | Castle Age |
| 19:34 | Research | Castle Age |
| 19:48 | Create | Archer |
| 19:49 | Create | Archer |
| 20:16 | Create | Skirmisher |
| 20:16 | Create | Skirmisher |
| 20:16 | Create | Skirmisher |
| 21:04 | Research | Forging |
| 21:04 | Research | Forging |
| 21:05 | Research | Forging |
| 21:11 | Build | Stable |
Build order — smpmxgvpkkiv
First 150 of 259 actions detected
| 0:02 | Create | Villager (Male) |
| 0:02 | Create | Villager (Male) |
| 0:02 | Create | Villager (Male) |
| 0:03 | Create | Villager (Male) |
| 0:03 | Create | Villager (Male) |
| 0:14 | Build | House |
| 0:19 | Build | House |
| 2:09 | Create | Villager (Male) |
| 2:09 | Create | Villager (Male) |
| 2:09 | Create | Villager (Male) |
| 2:48 | Create | Villager (Male) |
| 2:48 | Create | Villager (Male) |
| 2:48 | Create | Villager (Male) |
| 3:30 | Build | Lumber Camp |
| 3:39 | Build | Mill |
| 3:48 | Create | Villager (Male) |
| 3:48 | Create | Villager (Male) |
| 3:48 | Create | Villager (Male) |
| 4:06 | Build | House |
| 4:41 | Create | Villager (Male) |
| 4:41 | Create | Villager (Male) |
| 4:41 | Create | Villager (Male) |
| 5:19 | Build | House |
| 5:50 | Create | Villager (Male) |
| 5:50 | Create | Villager (Male) |
| 5:50 | Create | Villager (Male) |
| 6:06 | Build | Mill |
| 6:16 | Build | House |
| 6:39 | Create | Villager (Male) |
| 6:40 | Research | Loom |
| 8:33 | Research | Feudal Age |
| 8:33 | Research | Feudal Age |
| 8:43 | Build | Mining Camp |
| 9:17 | Create | Villager (Male) |
| 9:17 | Create | Villager (Male) |
| 9:30 | Build | Farm |
| 9:37 | Build | Farm |
| 9:47 | Build | Farm |
| 9:55 | Build | Farm |
| 10:43 | Age | Feudal Age |
| 10:47 | Create | Villager (Male) |
| 10:53 | Build | Blacksmith |
| 11:08 | Build | Market |
| 11:16 | Build | Farm |
| 11:49 | Build | Farm |
| 12:35 | Research | Castle Age |
| 12:35 | Research | Castle Age |
| 12:48 | Build | Mining Camp |
| 13:13 | Research | Stone Mining |
| 13:31 | Research | Double-Bit Axe |
| 13:42 | Build | Farm |
| 13:47 | Build | Farm |
| 14:04 | Build | Mining Camp |
| 14:27 | Research | Horse Collar |
| 14:27 | Research | Horse Collar |
| 14:38 | Create | Villager (Male) |
| 14:38 | Create | Villager (Male) |
| 15:15 | Age | Castle Age |
| 16:03 | Build | Watch Tower |
| 17:01 | Build | Siege Workshop |
| 17:41 | Create | Villager (Male) |
| 17:42 | Create | Villager (Male) |
| 18:04 | Create | Mangonel |
| 18:04 | Create | Mangonel |
| 18:23 | Build | House |
| 19:28 | Create | Villager (Male) ×5 |
| 19:28 | Create | Villager (Male) ×5 |
| 19:29 | Create | Villager (Male) ×5 |
| 19:57 | Build | Farm |
| 19:59 | Build | Farm |
| 20:05 | Build | House |
| 20:05 | Build | House |
| 20:05 | Build | House |
| 20:05 | Build | House |
| 20:37 | Research | Gold Mining |
| 20:46 | Build | Farm |
| 22:15 | Build | Castle |
| 22:24 | Create | Villager (Male) |
| 22:24 | Create | Villager (Male) |
| 22:34 | Build | House |
| 22:34 | Build | House |
| 22:35 | Build | House |
| 22:35 | Build | House |
| 22:35 | Build | House |
| 22:53 | Build | Monastery |
| 22:59 | Build | University |
| 23:40 | Build | Town Center |
| 23:43 | Create | Teutonic Knight |
| 23:43 | Create | Teutonic Knight |
| 23:43 | Create | Teutonic Knight |
| 23:55 | Build | Farm |
| 23:58 | Build | Farm |
| 24:05 | Create | Villager (Male) |
| 24:05 | Create | Villager (Male) |
| 24:05 | Create | Villager (Male) |
| 24:15 | Create | Teutonic Knight |
| 24:16 | Create | Teutonic Knight |
| 24:30 | Create | Villager (Male) |
| 24:52 | Build | Farm |
| 24:58 | Build | Farm |
| 25:12 | Create | Petard |
| 25:12 | Create | Petard |
| 25:32 | Build | House |
| 25:33 | Build | House |
| 25:33 | Build | House |
| 26:15 | Create | Petard |
| 26:16 | Create | Petard |
| 26:16 | Create | Petard |
| 26:16 | Create | Petard |
| 26:23 | Build | Farm |
| 26:23 | Build | Farm |
| 26:23 | Build | Farm |
| 26:24 | Build | Farm |
| 26:24 | Build | Farm |
| 26:24 | Build | Farm |
| 26:30 | Create | Villager (Male) |
| 26:30 | Create | Villager (Male) |
| 26:51 | Build | Farm |
| 26:52 | Build | Farm |
| 26:52 | Build | Farm |
| 26:55 | Create | Villager (Male) |
| 26:56 | Create | Villager (Male) |
| 26:56 | Create | Villager (Male) |
| 27:12 | Create | Villager (Male) ×5 |
| 27:12 | Create | Villager (Male) ×2 |
| 27:12 | Create | Villager (Male) ×2 |
| 27:23 | Create | Petard |
| 27:23 | Create | Petard |
| 27:51 | Build | Town Center |
| 28:02 | Create | Villager (Male) |
| 28:03 | Create | Villager (Male) |
| 28:03 | Create | Villager (Male) |
| 28:03 | Create | Villager (Male) |
| 28:03 | Create | Villager (Male) |
| 28:09 | Create | Petard |
| 28:09 | Create | Petard |
| 28:20 | Create | Petard |
| 28:28 | Create | Villager (Male) |
| 28:28 | Create | Villager (Male) |
| 28:43 | Build | Barracks |
| 28:49 | Build | Lumber Camp |
| 29:24 | Create | Villager (Male) |
| 29:24 | Create | Villager (Male) |
| 29:24 | Create | Villager (Male) |
| 29:24 | Create | Villager (Male) |
| 30:24 | Create | Teutonic Knight |
| 30:24 | Create | Teutonic Knight ×5 |
| 30:24 | Create | Teutonic Knight ×4 |
| 30:40 | Create | Mangonel |
| 30:40 | Create | Mangonel |
Match timeline
| 8:41 | cutomuto · first_building Barracks |
| 9:44 | cutomuto · age_up feudal |
| 9:52 | cutomuto · first_building Archery Range |
| 10:31 | cutomuto · wall_segment Palisade Wall x3 |
| 10:43 | smpmxgvpkkiv · age_up feudal |
| 11:15 | cutomuto · wall_segment Palisade Wall x7 |
| 12:25 | smpmxgvpkkiv · first_market_sell 100 stone |
| 15:15 | smpmxgvpkkiv · age_up castle |
| 17:01 | smpmxgvpkkiv · first_building Siege Workshop |
| 18:02 | smpmxgvpkkiv · first_market_buy 100 wood |
| 19:08 | cutomuto · first_market_buy 100 food |
| 21:11 | cutomuto · first_building Stable |
| 22:14 | cutomuto · age_up castle |
| 22:15 | smpmxgvpkkiv · first_building Castle |
| 22:53 | smpmxgvpkkiv · first_building Monastery |
| 28:43 | smpmxgvpkkiv · first_building Barracks |
| 32:24 | cutomuto · first_building Castle |
| 35:33 | smpmxgvpkkiv · first_building Stable |
| 39:11 | cutomuto · age_up imperial |
| 47:27 | smpmxgvpkkiv · resign |
[ AI ANALYSIS · 1 CREDIT ]
What really happened in this match?
Wolo.gg analyzes every decision: build order, eco, micro, common mistakes by bracket. Personalized analysis on WhatsApp or Discord in 30 seconds.
Civ guide
Bulgarians
Map guide
MegaRandom
Perfil
Jugador #25428813